 Dungeon Crawl Stone Soup version 0.30.1-9-gdf580d7c3d (webtiles) character file.

Game seed: 7706103388774509003

134 lonewolfV2 the Conjurer (level 4, 0/30 HPs)
             Began as a Demonspawn Conjurer on Oct 24, 2023.
             Slain by a hound (2 damage)
             ... on level 4 of the Dungeon.
             The game lasted 00:12:18 (3958 turns).

lonewolfV2 the Conjurer (Demonspawn Conjurer)       Turns: 3958, Time: 00:12:19

Health: 0/30       AC:  2    Str:  8    XL:     4   Next: 95%
Magic:  8/9        EV: 12    Int: 21    God:
Gold:   141        SH:  0    Dex: 11    Spells: 4/10 levels left

rFire   . . .        (no weapon)
rCold   . . .        (no shield)
rNeg    . . .        a - +0 robe
rPois   .            (helmet restricted)
rElec   .            (no cloak)
rCorr   .            (no gloves)
SInv    .            (no boots)
Will    .....        (no amulet)
Stlth   ++           (no ring)
HPRegen 0.25/turn    (no ring)
MPRegen 0.11/turn

%: no passive effects
@: no status effects
A: antennae 1, ignite blood 1
a: no special abilities


You were on level 4 of the Dungeon.
You visited 1 branch of the dungeon, and saw 4 of its levels.

You collected 141 gold pieces.

Inventory:

Armour
 a - a +0 robe (worn)
Jewellery
 i - an amulet of magic regeneration
Scrolls
 e - 2 scrolls of blinking
 k - 4 scrolls of teleportation
 l - a scroll of fear {unknown}
Potions
 c - 2 potions of flight {unknown}
 d - 3 potions of brilliance {unknown}
 f - 3 potions of attraction
 g - a potion of might {unknown}
 h - 2 potions of curing {unknown}
 j - a potion of degeneration {unknown}


   Skills:
 - Level 1.8 Dodging
 - Level 1.8 Stealth
 * Level 3.8 Spellcasting
 + Level 5.0 Conjurations


You had 4 spell levels left.
You knew the following spells:

 Your Spells              Type           Power      Damage    Failure   Level
a - Magic Dart            Conj           100%       1d8       1%          1
b - Searing Ray           Conj           50%        2d6       2%          2
c - Hailstorm             Conj/Ice       14%        3d5       13%         3

Your spell library contained the following spells:

 Spells                   Type           Power      Damage    Failure   Level
 Shock                    Conj/Air       56%        1d6       4%          1
 Dazzling Flash           Conj/Hex       28%        N/A       13%         3
 Swiftness                Air            3%         N/A       36%         3
 Fulminant Prism          Conj/Hex       7%         3d7       41%         4
 Iskenderun's Mystic Bla  Conj/Tloc      14%        2d5       41%         4
 Airstrike                Air            1%         2d(1-17)  77%         4
 Ice Form                 Ice/Tmut       3%         N/A       77%         4
 Alistair's Intoxication  Tmut/Pois      2%         N/A       98%         5
 Borgnjor's Vile Clutch   Necr/Erth      1%         N/A       98%         5
 Eringya's Noxious Bog    Tmut/Pois      1%         N/A       100%        6
 Simulacrum               Ice/Necr       1%         N/A       100%        6


Dungeon Overview and Level Annotations

Branches:
Dungeon (4/15)
 Temple: D:4-7

Altars:
Gozag
Makhleb
Okawaru

Shops:
D:3 [


Innate Abilities, Weirdness & Mutations

You have a pair of small antennae on your head.
Your demonic aura sometimes causes spilled blood to erupt in flames.


Message History

The hound barely misses you. The hound misses you.
Casting: Magic Dart (safe; 1% risk of failure)
Confirm with . or Enter, or press ? or * to list all spells.
You don't have enough magic to cast this spell.
Casting: Magic Dart (safe; 1% risk of failure)
Confirm with . or Enter, or press ? or * to list all spells.
Aiming: Magic Dart (safe; 1% risk of failure)
Press: ? - help, Shift-Dir - straight line, f - ball python
Aim: a ball python (100% to hit)
The magic dart hits the hound.
The hound is almost dead.
The hound closely misses you.
The ball python attacks as you move away!
The ball python barely misses you. The ball python closely misses you.
The hound misses you. The ball python barely misses you.
The ball python closely misses you. The ball python closely misses you.
The ball python grabs you. The ball python constricts you.
You escape the ball python's grasp.
The hound misses you. The hound bites you. The hound attacks as you move away!
The hound bites you.
* * * LOW HITPOINT WARNING * * *
The ball python attacks as you move away!
The ball python closely misses you. The ball python barely misses you.
The hound bites you.
* * * LOW HITPOINT WARNING * * *
Magic courses through your body. The ball python closely misses you.
The ball python misses you. The hound bites you.
* * * LOW HITPOINT WARNING * * *
Casting: Magic Dart (safe; 1% risk of failure)
Confirm with . or Enter, or press ? or * to list all spells.
Aiming: Magic Dart (safe; 1% risk of failure)
Press: ? - help, Shift-Dir - straight line, f/p - ball python
Aim: a ball python (100% to hit)
The magic dart hits the ball python.
You kill the ball python!
The hound bites you.
* * * LOW HITPOINT WARNING * * *
The hound bites you.
You die...

#.# #.# #.# # #.# ####### #.
#.###.....#
..###.#.#####.....###.####
..!.#.#.......#...#......#####
...................###......# .
....##...#.@####..##.###....
.W###.........h†.....#.....###.
....†...........###..#......#.#
#.......#####..## ...#.....#...
#..............# #..#......#...
........#...##+###..##.....#...
#...#+#.#...........#.###.#....
#.. #.#.......##.#.....###... #
..#..........#......#.###


You could see a hound.

Vanquished Creatures
  Robin (D:2)
  5 adders
  A dart slug (D:2)
  An orc (D:3)
  5 ball pythons
  4 bats
  7 endoplasms
  4 giant cockroaches
  14 goblins
  7 hobgoblins
  3 jackals (D:2)
  3 quokkas
  2 frilled lizards
  4 kobolds
  7 rats
68 creatures vanquished.

Notes
Turn   | Place    | Note
-------+----------+-------------------------------------------
     0 | D:1      | lonewolfV2 the Demonspawn Conjurer began the quest for the
                  | Orb.
     0 | D:1      | Reached XP level 1. HP: 13/13 MP: 3/3
   509 | D:1      | Gained mutation: You have a pair of small antennae on your
                  | head. [demonic ancestry]
   509 | D:1      | Reached XP level 2. HP: 19/19 MP: 0/5
  1405 | D:1      | Learned a level 2 spell: Searing Ray
  1586 | D:2      | Reached XP level 3. HP: 24/24 MP: 0/6
  1919 | D:2      | Found an iron altar of Okawaru.
  2492 | D:2      | Noticed Robin
  2498 | D:2      | Killed Robin
  2499 | D:2      | Gained mutation: Your demonic aura sometimes causes spilled
                  | blood to erupt in flames. [demonic ancestry]
  2499 | D:2      | Reached XP level 4. HP: 30/30 MP: 1/8
  3237 | D:3      | Reached skill level 5 in Conjurations
  3287 | D:3      | Learned a level 3 spell: Hailstorm
  3335 | D:3      | Found Oqei's Antique Armour Shoppe.
  3381 | D:3      | Found an opulent altar of Gozag.
  3416 | D:3      | Found a burning altar of Makhleb.
  3416 | D:3      | Noticed an Executioner
  3717 | D:3      | Found a faded altar of an unknown god.
  3945 | D:4      | Noticed a phantom
  3958 | D:4      | Slain by a hound

Illustrated notes

Levels and vault maps discovered:
D:1:      heliophobic_arrival_ceremonial_halls, layout_loops_corners,
          serial_bayou_lagoon_a
D:2:      layout_loops_ring, basic_altar, uniq_robin
D:3:      layout_rooms, mainiacjoe_overflow_chevrons, makhleb_altar_promises_db,
          shapermc_ecumenical_altar_notcrosses, serial_shops, shop
D:4:      nicolae_BIG_FREAKIN_CUBE, layout_basic, overflow_temple_1_default,
          uniq_grinder

Skill      XL: |  1  2  3  4 |
---------------+-------------+-----
Spellcasting   | 3 |  3.8
Conjurations   | 5 |  5.0
Dodging        | |  1.8
Stealth        | |  1.8

Action                     |  1- 3 |  4- 6 || total
---------------------------+-------+-------++-------
  Melee: Unarmed           |    27 |     2 ||    29
   Cast: Magic Dart        |    75 |    41 ||   116
         Searing Ray       |     2 |     4 ||     6
         Hailstorm         |       |     4 ||     4
    Use: Scroll            |     2 |     3 ||     5
         Potion            |       |     1 ||     1
 Armour: Robe              |     8 |     1 ||     9
  Dodge: Dodged            |    27 |    20 ||    47
